 Dungeon Crawl Stone Soup version 0.29.1-1-gd02db6906a (webtiles) character file.

Game seed: 6953022593276498920

165 karrick the Covered (level 5, -1/33 HPs)
             Began as a Gargoyle Fighter on Sept 28, 2022.
             Slain by a gnoll
             ... wielding a +1 flail of protection
              (11 damage)
             ... on level 3 of the Dungeon.
             The game lasted 00:03:03 (3310 turns).

karrick the Covered (Gargoyle Fighter)              Turns: 3310, Time: 00:03:03

Health: -1/33      AC: 11    Str: 20    XL:     5   Next: 46%
Magic:  5/5        EV:  9    Int:  8    God:
Gold:   144        SH:  4    Dex: 11    Spells: 4/4 levels left

rFire   . . .      SeeInvis .   a - +0 flail
rCold   . . .      Faith    .   c - +0 buckler
rNeg    + . .      Spirit   .   b - +0 scale mail
rPois   ∞          Reflect  .   (no helmet)
rElec   +          Harm     .   (no cloak)
rCorr   .          Rampage  .   (no gloves)
Will    .....                   (no boots)
Stlth   ..........              (no amulet)
HPRegen 0.11/turn               (no ring)
MPRegen 0.09/turn               (no ring)

@: mighty
A: sickness immunity, AC +4, negative energy resistance 1, electricity
resistance, torment resistance 1, petrification resistance
a: no special abilities


You were on level 3 of the Dungeon.
You visited 1 branch of the dungeon, and saw 3 of its levels.

You collected 144 gold pieces.

Inventory:

Hand Weapons
 a - a +0 flail (weapon)
Missiles
 r - a throwing net (quivered)
Armour
 b - a +0 scale mail (worn)
 c - a +0 buckler (worn)
Jewellery
 h - a ring of flight
Scrolls
 e - 2 scrolls of acquirement {unknown}
 g - 3 scrolls of teleportation {unknown}
 i - 2 scrolls of immolation {unknown}
 k - 2 scrolls of summoning {unknown}
 l - a scroll of fog {unknown}
 n - a scroll of identify {unknown}
 t - a scroll of enchant armour {unknown}
Potions
 f - 2 potions of curing {unknown}
 j - a potion of flight {unknown}
 m - a potion of degeneration {unknown}
 o - a potion of mutation {unknown}
 p - a potion of magic {unknown}
 q - a potion of invisibility {unknown}
 s - 3 potions of lignification {unknown}


   Skills:
 + Level 4.0 Fighting
 + Level 3.0 Maces & Flails
 + Level 4.8 Armour
 + Level 0.2 Stealth
 + Level 4.2 Shields


You had 4 spell levels left.
You didn't know any spells.
Your spell library contained the following spells:

 Spells                   Type           Power      Damage    Failure   Level
 Wereblood                Tmut           0%         N/A       93%         2
 Summon Hydra             Summ           0%         N/A       100%        7
 Sublimation of Blood     Necr           Unusable   N/A       N/A         2

Dungeon Overview and Level Annotations

Branches:
Dungeon (3/15)

Altars:
Kikubaaqudgha


Innate Abilities, Weirdness & Mutations

You are immune to sickness and miasma.
Your stone body is resilient. (AC +4)
You are immune to poison.
You resist negative energy. (rN+)
You are resistant to electric shocks. (rElec)
You are resistant to unholy torment.
You are immune to petrification.


Message History

The gnoll hits you with a +1 flail of protection.
You closely miss the gnoll.
The gnoll is heavily wounded.
You block the gnoll's attack. The kobold hits you but does no damage.
You barely miss the gnoll.
The gnoll is heavily wounded.
The gnoll barely misses you. The kobold hits you but does no damage.
You hit the gnoll.
The gnoll is severely wounded.
The gnoll closely misses you. The kobold misses you.
The kobold hits you but does no damage. The gnoll hits you but does no damage.
You hit the gnoll but do no damage.
The gnoll is severely wounded.
You block the gnoll's attack. The kobold hits you but does no damage.
You hit the gnoll but do no damage.
The gnoll is severely wounded.
The gnoll hits you but does no damage. You block the kobold's attack.
You hit the gnoll but do no damage.
The gnoll is severely wounded.
The gnoll hits you with a +1 flail of protection!
The kobold barely misses you. x2; The gnoll barely misses you.
You closely miss the gnoll.
The gnoll is severely wounded.
The kobold closely misses you.
The gnoll hits you with a +1 flail of protection!
The gnoll attacks as you move away! The gnoll hits you but does no damage.
The kobold attacks as you move away! The kobold hits you but does no damage.
The gnoll attacks as you move away! The gnoll barely misses you.
You feel very mighty all of a sudden.
The gnoll hits you with a +1 flail of protection.
You closely miss the gnoll.
The gnoll is severely wounded.
The gnoll hits you but does no damage.
You closely miss the gnoll.
The gnoll is severely wounded.
You block the gnoll's attack.
You closely miss the gnoll.
The gnoll is severely wounded.
The gnoll hits you with a +1 flail of protection!
You die...

#####################
#.#...Kg@÷.)).........#
#.....###############)#
###.#.# #.# .. #.# #†#
#. #.# ######.### ..
... ........... .. ...
##########. . ### ####.
#....


You could see a gnoll and a kobold.

Vanquished Creatures
  7 gnolls
  4 adders
  2 worms (D:2)
  3 orcs (D:3)
  7 ball pythons
  4 endoplasms
  2 giant cockroaches
  2 hobgoblins
  3 quokkas
  3 bats
  6 frilled lizards
  3 goblins
  6 kobolds
  9 rats
61 creatures vanquished.

Notes
Turn   | Place    | Note
-------+----------+-------------------------------------------
     0 | D:1      | karrick the Gargoyle Fighter began the quest for the Orb.
     0 | D:1      | Reached XP level 1. HP: 14/14 MP: 1/1
    97 | D:1      | Found a faded altar of an unknown god.
   347 | D:1      | Reached XP level 2. HP: 7/19 MP: 2/2
  1038 | D:1      | Reached XP level 3. HP: 21/23 MP: 3/3
  2128 | D:2      | Reached XP level 4. HP: 22/29 MP: 4/4
  2804 | D:3      | Found an ancient bone altar of Kikubaaqudgha.
  2999 | D:3      | Reached XP level 5. HP: 30/33 MP: 5/5
  3310 | D:3      | Slain by a gnoll

Illustrated notes

Levels and vault maps discovered:
D:1:      mainiacjoe_arrival_reflecting_pool, layout_loops_ring,
          nicolae_ecumenical_snake_handling, grunt_decor_clamped
D:2:      layout_rooms, minmay_diced_spiral
D:3:      layout_basic, lemuel_crystal_altar, corexii_hall_statues_deadend

Skill      XL: |  1  2  3  4  5 |
---------------+----------------+-----
Armour         | 4 |  4.8
Shields        | 4 |  4.2
Fighting       | 4 |  4.0
Maces & Flails | 3 |  3.0
Stealth        | |  0.2

Action                   |  1- 3 |  4- 6 || total
-------------------------+-------+-------++-------
Melee: Flail             |   132 |    96 ||   228
  Use: Potion            |       |     2 ||     2
Armor: Scale mail        |    77 |    50 ||   127
Dodge: Dodged            |    75 |    53 ||   128
Block: Buckler           |    32 |    27 ||    59
